 Dungeon Crawl Stone Soup version 0.18-a0-1694-g9f731c2 (webtiles) character file.

3488 Geeful the Agent of Entropy (level 10, 0/82 HPs)
             Began as a Formicid Abyssal Knight on Apr 5, 2016.
             Was a Priest of Lugonu.
             Slain by an orc
             ... wielding a +0 trident
              (2 damage)
             ... on level 8 of the Dungeon.
             The game lasted 00:31:16 (10811 turns).

Geeful the Agent of Entropy (FoAK)                 Turns: 10811, Time: 00:31:17

Health: 0/82       AC:  7    Str: 17 (19) XL:     10   Next: 27%
Magic:  10/16      EV:  5    Int: 12 (13) God:    Lugonu [***...]
Gold:   128        SH:  0    Dex: 10      Spells: 0 memorised, 9 levels left

rFire  . . .     SeeInvis +     b - +2 flail (drain)
rCold  + . .     Gourm    .     o - +1 ring mail {rC+}
rNeg   . . .     Faith    .     (no shield)
rPois  +         Spirit   .     (helmet unavailable)
rElec  .         Dismiss  .     (no cloak)
rCorr  .         Reflect  .     (no gloves)
SustAt .         Harm     .     (no boots)
MR     +....                    (no amulet)
Stlth  ..........               (no ring)
                                f - ring of poison resistance

@: somewhat resistant to hostile enchantments, extremely unstealthy
A: permanent stasis, dig shafts and tunnels, four strong arms, antennae 3
a: Dig, Shaft Self, Depart the Abyss, Bend Space, Banish, Renounce Religion


You were on level 8 of the Dungeon.
You worshipped Lugonu.
Lugonu was most pleased with you.
You were not hungry.

You visited 1 branch of the dungeon, and saw 8 of its levels.
You visited the Abyss 2 times.
You also visited: Sewer.

You collected 388 gold pieces.
You spent 260 gold pieces at shops.

Inventory:

Hand Weapons
 a - a +2 flail of protection
 b - a +2 flail of draining (weapon)
 q - a +0 whip of electrocution
Armour
 o - a +1 ring mail of cold resistance (worn)
Jewellery
 f - a ring of poison resistance (left hand)
Wands
 r - a wand of enslavement (12/24)
 u - a wand of flame (24/48)
Scrolls
 g - 3 scrolls of fog
 h - 3 scrolls of enchant armour
 n - 2 scrolls of remove curse
 t - a scroll of enchant weapon
 w - 4 scrolls of identify
 x - 4 scrolls of recharging
Potions
 d - a potion of brilliance {unknown}
 e - a potion of agility {unknown}
 i - a potion of haste {unknown}
 j - 2 potions of degeneration
 k - a potion of flight
 l - a potion of curing
 m - 2 potions of magic
 v - a potion of invisibility {unknown}
 A - a potion of ambrosia {unknown}
Comestibles
 c - 6 bread rations
 p - 2 beef jerkies
 z - 4 fruits


   Skills:
 + Level 8.4 Fighting
 + Level 7.1 Maces & Flails
 + Level 7.9 Armour
 - Level 0.8 Dodging
 + Level 9.0 Invocations


You had 9 spell levels left.
You didn't know any spells.

Dungeon Overview and Level Annotations

Branches:
Dungeon (8/15)             Temple (0/1) D:4
   Lair: D:8-11

Altars:
Ashenzari
Cheibriados
Dithmenos
Okawaru
Qazlal
Trog
Yredelemnul
The Shining One

Shops:
D:7 =


Innate Abilities, Weirdness & Mutations

You are under a permanent stasis effect.
You can dig through walls and to a lower floor.
Your four strong arms can wield two-handed weapons with a shield.
You have a pair of large antennae on your head (SInv).


Message History

* * * LOW HITPOINT WARNING * * *
The orc warrior barely misses you.
Things that are here:
21 stones; an arrow; a gnoll skeleton Space bends sharply around you!
The orc warrior blinks!
You blink.
* * * LOW HITPOINT WARNING * * *
You feel slightly more hungry.
An orc priest comes into view. It is wielding a short sword.
The orc priest shouts!
The orc hits you from afar with a trident.
* * * LOW HITPOINT WARNING * * *
The orc hits you with a trident.
* * * LOW HITPOINT WARNING * * *
The orc barely misses you. The orc hits you with a dagger.
* * * LOW HITPOINT WARNING * * *
There is a stone staircase leading up, spattered with blood here.
The orc hits you with a dagger.
* * * LOW HITPOINT WARNING * * *
The orc hits you with a trident.
You die...

.. #.# #.# ######
.###.##.. ...
......###.## .
#.........##..
#............
#)........###.
#@o...o...$...
#.#.#####oo......##
..c...§§c........#
#.#.#.####.......#
# ####.#### ###
.$.# (.# #...# #.#
#...# #.####...#


You could see an orc warrior, a centaur, an orc priest and 2 orcs.

Vanquished Creatures
  Joseph (D:7)
  Prince Ribbit (D:7)
  A spriggan (D:6)
  Menkaure (D:5)
  Edmund (D:5)
  A sky beast (D:6)
  An ogre (D:7)
  4 giant frogs
  The ghost of edsrzf the Conjurer, an amateur VSCj (D:3)
  A gnoll sergeant (D:7)
  4 scorpions
  7 killer bees (D:7)
  5 howler monkeys
  2 crimson imps
  A giant frog zombie (D:5)
  4 hounds
  An orc priest (D:3)
  5 orc wizards
  3 iguanas
  Jessica (D:2)
  Ijyb (D:3)
  3 worker ants
  A hound skeleton (D:7)
  10 gnolls
  15 adders
  A shadow imp (D:6)
  3 oozes
  An adder skeleton (D:7)
  5 worms
  7 dart slugs
  3 giant geckos
  32 orcs
  9 giant cockroaches
  9 goblins
  9 hobgoblins
  17 jackals
  4 quokkas
  12 ball pythons
  6 bats
  A giant gecko zombie (D:6)
  3 giant newts
  14 kobolds
  2 quokka skeletons
  8 rats
  4 plants (Sewer)
226 creatures vanquished.

Vanquished Creatures (collateral kills)
  A necrophage (D:7)
  2 killer bees (D:7)
  2 howler monkeys (D:7)
  An adder (D:7)
  An adder skeleton (D:7)
  An orc (D:7)
8 creatures vanquished.

Vanquished Creatures (others)
  3 killer bees (D:7)
  An iguana (D:7)
4 creatures vanquished.

Grand Total: 238 creatures vanquished

Notes
Turn   | Place    | Note
--------------------------------------------------------------
     0 | Abyss:1  | Geeful the Formicid Abyssal Knight began the quest for the Orb.
     0 | Abyss:1  | Reached XP level 1. HP: 18/18 MP: 2/2
    71 | Abyss:1  | Noticed a small abomination
    78 | D:1      | Escaped the Abyss
   177 | D:1      | Reached * piety under Lugonu
   352 | D:1      | Reached XP level 2. HP: 23/24 MP: 3/3
   811 | D:1      | Reached XP level 3. HP: 28/29 MP: 5/5
  1365 | D:2      | Reached skill level 3 in Invocations
  1477 | D:2      | Found a faded altar to an unknown god.
  1497 | D:2      | Reached XP level 4. HP: 32/37 MP: 6/6
  1718 | D:2      | Noticed Jessica
  1722 | D:2      | Killed Jessica
  1722 | D:2      | Reached XP level 5. HP: 32/42 MP: 7/7
  2196 | D:2      | Found a bloodstained altar of Trog.
  2289 | D:3      | Reached ** piety under Lugonu
  2513 | D:3      | HP: 2/43 [poisoned by a worker ant]
  2521 | D:3      | HP: 1/43 [poisoned by a worker ant]
  3156 | D:3      | You fall through a shaft for 3 floors!
  3180 | D:6      | Reached skill level 4 in Invocations
  3180 | D:6      | Reached XP level 6. HP: 37/49 MP: 7/9
  3329 | D:6      | Found a shattered altar of Ashenzari.
  3560 | D:5      | Entered Level 5 of the Dungeon
  3658 | D:4      | Found an iron altar of Okawaru.
  3674 | D:4      | Found a glowing drain.
  3697 | Sewer    | Entered a sewer
  4011 | Sewer    | Reached *** piety under Lugonu
  4746 | D:4      | Found a stormy altar of Qazlal.
  4801 | D:4      | Reached skill level 5 in Fighting
  4884 | D:4      | Reached XP level 7. HP: 21/56 MP: 10/10
  5086 | D:4      | Found a basalt altar of Yredelemnul.
  5183 | D:4      | Found a staircase to the Ecumenical Temple.
  5525 | D:3      | Noticed edsrzf's ghost (amateur VSCj)
  5737 | D:3      | Killed edsrzf's ghost
  5737 | D:3      | Reached skill level 5 in Invocations
  6180 | D:3      | Reached **** piety under Lugonu
  6235 | D:3      | Noticed Ijyb
  6254 | D:3      | Killed Ijyb
  6658 | D:5      | Found a stormy altar of Qazlal.
  6691 | D:5      | Noticed Menkaure
  6702 | D:5      | Killed Menkaure
  6702 | D:5      | Reached XP level 8. HP: 13/64 MP: 12/12
  7012 | D:5      | Reached skill level 5 in Armour
  7018 | D:5      | Noticed Edmund
  7029 | D:5      | Killed Edmund
  7029 | D:5      | Reached skill level 6 in Invocations
  7306 | D:5      | Reached skill level 5 in Maces & Flails
  8094 | D:6      | Found a snail-covered altar of Cheibriados.
  8239 | D:6      | Reached XP level 9. HP: 71/71 MP: 14/14
  8349 | D:6      | Reached skill level 7 in Invocations
  8600 | D:7      | Noticed Joseph
  8663 | D:7      | Killed Joseph
  9211 | D:7      | Noticed Prince Ribbit
  9225 | D:7      | Reached skill level 8 in Invocations
  9236 | D:7      | Reached ***** piety under Lugonu
  9501 | D:7      | Found Kyaffady's Jewellery Shop.
  9511 | D:7      | Bought an uncursed ring of poison resistance for 260 gold pieces
  9527 | D:7      | Found a shadowy altar of Dithmenos.
  9582 | D:7      | Reached XP level 10. HP: 75/80 MP: 16/16
  9730 | D:7      | Killed Prince Ribbit
  9879 | D:7      | Found a glowing golden altar of the Shining One.
 10479 | D:7      | Reached skill level 9 in Invocations
 10806 | Abyss:1  | Noticed a worldbinder
 10806 | Abyss:1  | Noticed a large abomination
 10807 | D:8      | Escaped the Abyss
 10810 | D:8      | HP: 4/82 [orc/dagger (2)]
 10811 | D:8      | Slain by an orc

Vault maps used:
D:1:      wheals_arrival_linesprint
D:2:      lightli_temple_of_fire, ecumenical_altar_2, uniq_jessica
D:3:      uniq_iyjb
D:4:      nicolae_overflow_crystal_walls, lemuel_crystal_altar,
          lemuel_crystal_altar, temple_pool_a, portal_sewer_entry_b
D:5:      first_bread, basic_altar, uniq_edmund, uniq_menkaure
D:6:      kennysheep_mini, basic_altar
D:7:      kennysheep_little_box, serial_shops, shop, the_bakery, tso_altar,
          uniq_joseph, uniq_prince_ribbit1
D:8:      lemuel_coloured_pillars_altar, nemelex_deck, nicolae_ru_path_of_blood,
          kiku_gazebo_pond_becter
Sewer:    sewer_co_scattered_pipes

Skill      XL: |  1  2  3  4  5  6  7  8  9 10 |
---------------+-------------------------------+-----
Invocations    | 3 4 5 6 8 9 |  9.0
Fighting       | 4 5 6 7 8 |  8.4
Armour         | 3 4 5 7 |  7.9
Maces & Flails | 3 4 5 6 7 |  7.1
Dodging        | |  0.8

Action                   |  1- 3 |  4- 6 |  7- 9 | 10-12 || total
-------------------------+-------+-------+-------+-------++-------
Melee: Mace              |    76 |   135 |       |       ||   211
       Flail             |       |   361 |   524 |   108 ||   993
Invok: Depart the Abyss  |     1 |       |       |     1 ||     2
       Bend Space        |       |       |       |     1 ||     1
       Enter the Abyss   |       |       |       |     1 ||     1
 Abil: Dig               |       |       |       |     1 ||     1
Evoke: Wand              |       |       |    11 |     1 ||    12
  Use: Scroll            |     4 |     4 |     5 |     2 ||    15
       Potion            |       |       |     9 |       ||     9
  Eat: Chunk             |     2 |    13 |    13 |     3 ||    31
       Royal jelly       |       |       |     1 |       ||     1
       Meat ration       |       |       |       |     1 ||     1
